 Dungeon Crawl Stone Soup version 0.27-a0-1500-g450c7e4133 (webtiles) character file.

Game seed: 15786951764473474867

73 porpoise the Gusty (level 4, -1/24 HPs)
             Began as a Tengu Air Elementalist on July 8, 2021.
             Slain by a gnoll (7 damage)
             ... on level 2 of the Dungeon.
             The game lasted 00:11:10 (2131 turns).

porpoise the Gusty (Tengu Air Elementalist)         Turns: 2131, Time: 00:11:10

Health: -1/24      AC:  2    Str:  8    XL:     4   Next: 27%
Magic:  0/9        EV: 12    Int: 17    God:
Gold:   40         SH:  0    Dex: 14    Spells: 4/8 levels left

rFire    . . .     SeeInvis .   a - +0 short sword
rCold    . . .     Faith    .   (no shield)
rNeg     . . .     Spirit   .   d - +0 robe
rPois    .         Reflect  .   (helmet restricted)
rElec    .         Harm     .   (no cloak)
rCorr    .         Rampage  .   (no gloves)
Will     .....                  (boots unavailable)
Stlth    ++........             (no amulet)
HPRegen  0.08/turn              (no ring)
MPRegen  0.11/turn              (no ring)

@: mighty
A: beak, talons 3
a: no special abilities


You were on level 2 of the Dungeon.
You visited 1 branch of the dungeon, and saw 2 of its levels.

You collected 40 gold pieces.

Inventory:

Hand Weapons
 a - a +0 short sword (weapon)
Missiles
 b - 50 stones
 c - 22 arrows
 f - a throwing net
 g - 13 sling bullets
 j - 14 bolts
Armour
 d - a +0 robe (worn)
Scrolls
 e - a scroll of acquirement {unknown}
 l - a scroll of enchant weapon {unknown}


   Skills:
 - Level 2.1 Dodging
 - Level 2.0 Stealth
 + Level 2.8 Spellcasting
 + Level 3.2 Conjurations
 + Level 0.0 Fire Magic
 - Level 5.0 Air Magic


You had 4 spell levels left.
You knew the following spells:

 Your Spells              Type           Power      Damage    Failure   Level
a - Shock                 Conj/Air       64%        1d7       3%          1
s - Static Discharge      Conj/Air       16%        N/A       4%          2
x - Foxfire               Conj/Fire      32%        2x1d5     9%          1

Your spell library contained the following spells:

 Spells                   Type           Power      Damage    Failure   Level
 Swiftness                Air            19%        N/A       7%          3
 Airstrike                Air            9%         N/A       22%         4
 Conjure Flame            Conj/Fire      8%         6-21      26%         3
 Inner Flame              Hex/Fire       2%         N/A       45%         3


Dungeon Overview and Level Annotations

Branches:
Dungeon (2/15)

Altars:


Innate Abilities, Weirdness & Mutations

You have a beak for a mouth.
You have claws for feet.


Message History

Press: ? - help, Shift-Dir - straight line
Okay, then.
Unknown command.
Unknown command.
You closely miss the gnoll.
The gnoll is moderately wounded.
The gnoll hits you but does no damage.
You hit the gnoll but do no damage.
The gnoll is moderately wounded.
The gnoll hits you with a +0 short sword.
You hit the gnoll but do no damage.
The gnoll is moderately wounded.
The gnoll hits you but does no damage.
You hit the gnoll.
The gnoll is severely wounded.
The gnoll hits you but does no damage.
You barely miss the gnoll.
The gnoll is severely wounded.
The gnoll hits you with a +0 short sword.
* * * LOW HITPOINT WARNING * * *
The gnoll hits you but does no damage.
You closely miss the gnoll.
The gnoll is severely wounded.
The gnoll hits you but does no damage.
You hit the gnoll but do no damage.
The gnoll is severely wounded.
The gnoll completely misses you.
Casting: Shock (safe; 3% risk of failure)
Confirm with . or Enter, or press ? or * to list all spells.
The air crackles with electrical energy.
The gnoll hits you but does no damage.
It was a potion of cancellation.
Your magical effects are unravelling.
You feel magically purged.
You feel less wooden.
Your +0 robe unmelds from your body.
The gnoll misses you.
It was a potion of might.
You feel very mighty all of a sudden.
The gnoll hits you with a +0 short sword!
You die...

♣ ########## ♣.##
####........#
#)..#####...)..####.#
#.#(.....##......####.#
.................'....#
#.#......##..g@..#########
# #......##......#####....
.
.........#####'##)........
# .......### #.##.........
##############.##†........
....................
###.###.####........ #.#
#........ #.#########'##


You could see a gnoll (resistant).

Vanquished Creatures
  3 gnolls (D:2)
  2 dart slugs (D:1)
  2 ball pythons (D:1)
  2 endoplasms (D:1)
  8 goblins
  A hobgoblin (D:2)
  4 jackals (D:1)
  4 quokkas
  3 bats
  A frilled lizard (D:1)
  4 kobolds
  3 rats (D:1)
37 creatures vanquished.

Vanquished Creatures (others)
  8 foxfires (D:2)
  A plant (D:2)
9 creatures vanquished.

Grand Total: 46 creatures vanquished

Notes
Turn   | Place    | Note
-------+----------+-------------------------------------------
     0 | D:1      | porpoise the Tengu Air Elementalist began the quest for the
                  | Orb.
     0 | D:1      | Reached XP level 1. HP: 10/10 MP: 4/4
   129 | D:1      | Reached XP level 2. HP: 11/15 MP: 1/6
   479 | D:1      | Learned a level 2 spell: Static Discharge
   703 | D:1      | Reached XP level 3. HP: 19/19 MP: 5/7
  1570 | D:2      | Learned a level 1 spell: Foxfire
  1737 | D:2      | Reached XP level 4. HP: 12/24 MP: 1/9
  2034 | D:2      | Reached skill level 5 in Air Magic
  2131 | D:2      | Slain by a gnoll

Illustrated notes

Levels and vault maps discovered:
D:1:      giann_horns, layout_loops_ring
D:2:      layout_basic, serial_forest, infiniplex_forest_lined_3,
          infiniplex_forest_zigzag_1, infiniplex_forest_lined_room_2,
          infiniplex_forest_fountain, infiniplex_forest_lined_2,
          infiniplex_forest_clump_tiny

Skill      XL: |  1  2  3  4 |
---------------+-------------+-----
Conjurations   | 2 3 |  3.2
Air Magic      | 5 |  5.0
Dodging        | |  2.1
Stealth        | |  2.0
Spellcasting   | |  2.8

Action                   |  1- 3 |  4- 6 || total
-------------------------+-------+-------++-------
Melee: Short sword       |    10 |    10 ||    20
       Kick              |     2 |       ||     2
       Peck              |     1 |       ||     1
 Cast: Shock             |    46 |     9 ||    55
       Static Discharge  |    10 |     4 ||    14
       Foxfire           |     3 |     1 ||     4
  Use: Potion            |       |     3 ||     3
Armor: Robe              |     5 |       ||     5
       Skin              |       |     8 ||     8
Dodge: Dodged            |    13 |     4 ||    17

Table legend: (Time is in decaauts)
 A = Elapsed time spent in this place.
 B = Non-inter-level travel time spent in this place.
 C = Inter-level travel time spent in this place.
 D = Time resting spent in this place.
 E = Time spent auto-exploring this place.
 F = Levels seen in this place.
 G = Mean time per level.
                   A        B        C        D        E       F      G
               +--------+--------+--------+--------+--------+-----+--------+
         Total |   2132 |   2095 |     37 |   1076 |    734 |   2 | 1066.0 |
       Dungeon |   2132 |   2095 |     37 |   1076 |    734 |   2 | 1066.0 |
               +--------+--------+--------+--------+--------+-----+--------+

Top non-repeatable levels by time:
     D:1: 1372 daAuts
     D:2: 759 daAuts
